 Dungeon Crawl Stone Soup version 0.27.1-3-gb3d3a73c9e (webtiles) character file.

Game seed: 3916724086204632965

3894 Descartes the Tainter (level 10, -7/52 HPs)
             Began as a Deep Elf Wanderer on Oct 12, 2021.
             Was an Initiate of Gozag.
             Splashed by an acid dragon's acid (15 damage)
             ... on level 8 of the Dungeon.
             The game lasted 00:41:10 (11916 turns).

Descartes the Tainter (Deep Elf Wanderer)          Turns: 11916, Time: 00:41:11

Health: -7/52      AC:  5    Str:  9    XL:     10   Next: 0%
Magic:  6/14       EV:  9    Int: 20    God:    Gozag
Gold:   1098       SH:  5    Dex: 15    Spells: 0/12 levels left

rFire    . . .     SeeInvis .   w - +0 dagger (holy)
rCold    + . .     Faith    .   y - +0 buckler
rNeg     . . .     Spirit   .   B - +3 ring mail {rC+}
rPois    .         Reflect  .   (no helmet)
rElec    .         Harm     .   (no cloak)
rCorr    .         Rampage  .   t - +0 pair of gloves
Will     +....                  (no boots)
Stlth    +.........             a - amulet of regeneration
HPRegen  1.17/turn              f - +4 ring of protection
MPRegen  0.14/turn              (no ring)

@: corroded, very slightly contaminated
A: no striking features
a: Renounce Religion, Potion Petition, Call Merchant, Bribe Branch


You were on level 8 of the Dungeon.
You worshipped Gozag.
Gozag was most pleased with you.
You visited 2 branches of the dungeon, and saw 9 of its levels.

You collected 1141 gold pieces.
You paid 43 gold pieces to Gozag.

Inventory:

Hand Weapons
 e - a +4 short sword of freezing
 w - a +0 dagger of holy wrath (weapon)
 I - a +0 falchion of flaming
Missiles
 d - 6 poisoned darts (quivered)
 g - 199 stones
 j - 147 arrows
 l - 6 javelins
 s - 8 boomerangs
Armour
 t - a +0 pair of gloves (worn)
 y - a +0 buckler (worn)
 B - a +3 ring mail of cold resistance (worn)
 L - a +2 kite shield
Magical Staves
 H - a staff of conjuration
Jewellery
 a - an amulet of regeneration (around neck)
 f - a +4 ring of protection (left hand)
 J - a ring of ice
Wands
 v - a wand of flame (53)
 F - a wand of paralysis (4)
 G - a wand of acid (3)
Scrolls
 b - a scroll of teleportation
 c - a scroll of amnesia
 k - a scroll of enchant armour
 n - 2 scrolls of magic mapping {unknown}
 r - 2 scrolls of fog
 x - a scroll of blinking {unknown}
 A - a scroll of acquirement {unknown}
 C - a scroll of enchant weapon {unknown}
 D - a scroll of noise {unknown}
 K - a scroll of fear {unknown}
Potions
 h - a potion of flight
 i - a potion of haste {unknown}
 m - a potion of might
 o - 4 potions of berserk rage
 p - 4 potions of curing
 q - a potion of brilliance {unknown}
 u - a potion of cancellation {unknown}
 z - a potion of heal wounds
 E - a potion of ambrosia {unknown}


   Skills:
 - Level 1.5 Fighting
 - Level 1.0 Throwing
 - Level 1.2 Stealth
 - Level 4.0 Shields
 - Level 1.0 Unarmed Combat
 - Level 1.5 Spellcasting
 + Level 8.4 Conjurations
 - Level 2.6 Hexes
 + Level 7.7 Air Magic
 + Level 8.8 Poison Magic


You couldn't memorise any spells.
You knew the following spells:

 Your Spells              Type           Power      Damage    Failure   Level
a - Poisonous Vapours     Pois/Air       68%        N/A       2%          2
b - Shock                 Conj/Air       100%       1d9       1%          1
c - Olgreb's Toxic Radia  Pois           37%        N/A       12%         4
d - Airstrike             Air            16%        N/A       19%         4
e - Apportation           Tloc           2%         N/A       43%         1

Your spell library contained the following spells:

 Spells                   Type           Power      Damage    Failure   Level
 Magic Dart               Conj           100%       1d8       1%          1
 Mephitic Cloud           Conj/Pois/Air  34%        N/A       4%          3
 Swiftness                Air            32%        N/A       6%          3
 Sting                    Tmut/Pois      76%        1d6       8%          1
 Call Imp                 Summ           1%         N/A       56%         2
 Portal Projectile        Hex/Tloc       12%        N/A       63%         3
 Gell's Gravitas          Tloc           0%         N/A       80%         3
 Lesser Beckoning         Tloc           0%         N/A       80%         3
 Teleport Other           Tloc           1%         N/A       80%         3


Dungeon Overview and Level Annotations

Branches:
Dungeon (8/15)             Temple (1/1) D:4
   Lair: D:8-11

Altars:
Ashenzari
Cheibriados
Dithmenos
Elyvilon
Fedhas
Gozag
Hepliaklqana
Kikubaaqudgha
Makhleb
Nemelex Xobeh
Okawaru
Ru
Sif Muna
Trog
Uskayaw
Wu Jian
Xom
Yredelemnul
The Shining One

Shops:
D:4 (   D:5 [

Annotations:
D:2 1 runed translucent door, Crazy Yiuf
D:7 2 transporters, H0rd4k's ghost, novice HuAr
D:8 2 transporters


Message History

An acid dragon is nearby!
Casting: Poisonous Vapours (safe; 2% risk of failure)
Confirm with . or Enter, or press ? or * to list all spells.
Aiming: Apportation (safe; 43% risk of failure)
Press: ? - help, Dir - move target Apport: a +0 chain mail
Okay, then.
Casting: Apportation (safe; 43% risk of failure)
Confirm with . or Enter, or press ? or * to list all spells.
Aiming: Apportation (safe; 43% risk of failure)
Press: ? - help, Dir - move target Apport: a +0 robe
Okay, then.
Casting: Apportation (safe; 43% risk of failure)
Confirm with . or Enter, or press ? or * to list all spells.
The spell is quite dangerous to cast (19% risk of failure)!
Continue anyway?
Aiming: Airstrike (quite dangerous; 19% risk of failure)
Press: ? - help, Dir - move target, f - acid dragon
Aim: an acid dragon (wandering, hasn't noticed you)
The air twists around and strikes the acid dragon!
The acid dragon roars!
The acid dragon is heavily wounded.
The acid dragon spits acid at you.
The splash of acid hits you but does no damage.
The acid corrodes you!
You are splashed with acid!
Casting: Airstrike (quite dangerous; 19% risk of failure)
Confirm with . or Enter, or press ? or * to list all spells.
The spell is quite dangerous to cast (19% risk of failure)!
Continue anyway?
Aiming: Airstrike (quite dangerous; 19% risk of failure)
Press: ? - help, Dir - move target, f/p - acid dragon
Aim: an acid dragon (heavily wounded)
You miscast Airstrike.
You are very lightly contaminated with residual magic.
You are caught in an explosion of electrical discharges!
The acid dragon spits acid at you. The splash of acid hits you!
* * * LOW HITPOINT WARNING * * *
The acid corrodes you!
You are splashed with acid!
You die...
Your body crumbles into a pile of gold.

########.....# #....# #<.#
.........#..[#################.##
###......##.......>.............#
####..###.[.#######..######...#
## ##.# #...### ##.## #...# .##
#.# ##....# ##..# #...# ..#
#.####..#.###..## #####
#.#####).#D..##.##..## #
#..#............@..## #
##........##.###....# #
.[.....##....# #....### #
#####..####..###.##...## # ##..##
##.....##....## # #....#
#..########..# # #.##.# #..##
##.# ####.##.# #...## ###
#....##.#####..D## ###


You could see an acid dragon (catching breath).

Vanquished Creatures
  A troll (D:7)
  A hornet (D:8)
  Grinder (D:3)
  5 yaks (D:8)
  Eustachio (D:5)
  Edmund (D:5)
  2 orc warriors
  A hornet zombie (D:6)
  A necrophage (D:5)
  3 ogres (D:5)
  A centaur (D:5)
  2 bullfrogs
  2 scorpions
  2 wyvern zombies (D:6)
  A water moccasin zombie (D:5)
  A water moccasin skeleton (D:7)
  A wyvern skeleton (D:5)
  5 wights (D:7)
  2 howler monkeys (D:7)
  5 bullfrog zombies (D:6)
  A jelly (D:6)
  2 gnoll shamans (D:4)
  An orc priest (D:7)
  2 centaur skeletons
  2 bullfrog skeletons (D:6)
  An iguana (D:6)
  Ijyb (D:4)
  3 orc wizards
  3 killer bee zombies (D:6)
  A howler monkey zombie (D:6)
  6 adders
  9 gnolls
  5 white imps
  An ufetubus (D:4)
  An adder skeleton (D:4)
  2 worms
  4 dart slugs
  9 orcs
  3 ball pythons
  2 bats
  8 endoplasms
  7 giant cockroaches
  10 goblins
  6 hobgoblins
  7 jackals
  2 quokkas
  3 frilled lizards
  4 kobolds (D:3)
  3 rats
148 creatures vanquished.

Vanquished Creatures (others)
  26 plants
26 creatures vanquished.

Grand Total: 174 creatures vanquished

Notes
Turn   | Place    | Note
-------+----------+-------------------------------------------
     0 | D:1      | Descartes the Deep Elf Wanderer began the quest for the
                  | Orb.
     0 | D:1      | Descartes set off with the following items: a +0 dagger, a
                  | +0 robe; and the following spells available to memorise:
                  | Sting, Apportation, Shock, Poisonous Vapours, Portal
                  | Projectile, Mephitic Cloud, Olgreb's Toxic Radiance
     0 | D:1      | Reached XP level 1. HP: 12/12 MP: 5/5
     2 | D:1      | Learned a level 1 spell: Sting
     4 | D:1      | Learned a level 1 spell: Shock
   448 | D:1      | Found a faded altar of an unknown god.
   667 | D:1      | Reached XP level 2. HP: 11/16 MP: 1/6
   842 | D:2      | Reached skill level 1 in Conjurations
   894 | D:2      | Reached skill level 1 in Air Magic
  1240 | D:2      | Reached XP level 3. HP: 20/20 MP: 0/7
  1831 | D:2      | Found an iron altar of Okawaru.
  1885 | D:2      | Found a runed translucent door.
  1886 | D:2      | Noticed Crazy Yiuf
  2070 | D:3      | Found a hazy altar of Hepliaklqana.
  2081 | D:3      | Noticed Grinder
  2082 | D:3      | Paralysed by Grinder for 3 turns
  2559 | D:3      | Found a shimmering blue altar of Sif Muna.
  2610 | D:3      | Killed Grinder
  2611 | D:3      | Reached XP level 4. HP: 8/25 MP: 4/8
  2611 | D:3      | Reached XP level 5. HP: 9/29 MP: 4/9
  2953 | D:3      | Found a basalt altar of Yredelemnul.
  3653 | D:3      | Learned a level 4 spell: Olgreb's Toxic Radiance
  3754 | D:4      | Reached XP level 6. HP: 34/34 MP: 8/10
  3890 | D:4      | Found a staircase to the Ecumenical Temple.
  3900 | Temple   | Entered the Ecumenical Temple
  4154 | Temple   | Became a worshipper of Gozag Ym Sagoz the Greedy
  4521 | D:4      | Learned a level 2 spell: Poisonous Vapours
  4612 | D:4      | Found a broken altar of Ashenzari.
  4651 | D:4      | Found Sirilluc's Antique Weapon Shoppe.
  5250 | D:4      | Reached skill level 5 in Poison Magic
  5379 | D:5      | Entered Level 5 of the Dungeon
  5379 | D:5      | Noticed Ijyb
  5396 | D:4      | Killed Ijyb
  5968 | D:5      | Reached XP level 7. HP: 13/38 MP: 1/11
  6349 | D:5      | Noticed Eustachio
  6379 | D:5      | Found Puexzi Uxij's Armour Shoppe.
  6424 | D:5      | Killed Eustachio
  6657 | D:5      | Reached skill level 1 in Shields
  6657 | D:5      | Reached skill level 5 in Conjurations
  7262 | D:5      | Found a blossoming altar of Fedhas.
  7275 | D:5      | Found a sparkling altar of Nemelex Xobeh.
  7353 | D:5      | Reached skill level 5 in Air Magic
  7353 | D:5      | Reached XP level 8. HP: 43/43 MP: 2/12
  8227 | D:6      | Noticed Edmund
  8363 | D:5      | Killed Edmund
  8855 | D:6      | Reached XP level 9. HP: 41/47 MP: 6/13
  9654 | D:7      | Found a transporter.
  9655 | D:7      | Found a transporter.
  9698 | D:7      | Identified the +3 kite shield of Instinct {rF+ Str+6}
  9721 | D:7      | Noticed a troll
  9743 | D:7      | Killed a troll
  9756 | D:7      | Identified the ring of Kuteot {rC- rN+++ MP+9 EV+4 Dex+2}
 10687 | D:7      | Noticed H0rd4k's ghost (novice HuAr)
 10792 | D:7      | Learned a level 1 spell: Apportation
 11050 | D:8      | Found a transporter.
 11529 | D:8      | Found a transporter.
 11607 | D:8      | Reached XP level 10. HP: 40/52 MP: 4/14
 11854 | D:7      | Learned a level 4 spell: Airstrike
 11916 | D:8      | Splashed by an acid dragon's acid

Illustrated notes

Levels and vault maps discovered:
D:1:      lemuel_arrival_broad_hall, layout_rooms,
          shapermc_ecumenical_altar_mp_vishouse
D:2:      layout_rooms, basic_altar, uniq_crazy_yiuf_cottage
D:3:      layout_basic, mainiacjoe_overflow_cross_hatched,
          mainiacjoe_overflow_alcove_1, lemuel_tele_altar,
          amcnicky_mini_corridor_feature, uniq_grinder
D:4:      layout_gridville, evilmike_ruin_ashenzari, minmay_temple_entry_tees,
          serial_shops, nicolae_shop_statue_plus
D:5:      layout_cave_pools, mainiacjoe_overflow_catch_the_wave, serial_shops,
          kennysheep_little_box, minmay_misc_feat_iff, minmay_ogre_servants,
          uniq_ijyb, uniq_eustachio
D:6:      layout_cave_pools, serial_undead, serial_undead_f, serial_undead_d,
          serial_undead_c, serial_undead_e, serial_undead_c, serial_undead_a,
          uniq_edmund
D:7:      layout_cave_pools, gammafunk_ghost_gnarly_gnolls
D:8:      gammafunk_steamed_eel, layout_rooms
Temple:   hc_temple_tempest_star

Skill      XL: |  1  2  3  4  5  6  7  8  9 |
---------------+----------------------------+-----
Conjurations   | 1 3 4 5 6 8 |  8.4
Air Magic      | 1 3 4 5 6 7 |  7.7
Poison Magic   | 3 4 5 6 7 8 |  8.8
Shields        | 1 3 4 |  4.0
Fighting       | |  1.5
Throwing       | |  1.0
Stealth        | |  1.2
Unarmed Combat | |  1.0
Spellcasting   | |  1.5
Hexes          | |  2.6

Action                   |  1- 3 |  4- 6 |  7- 9 | 10-12 || total
-------------------------+-------+-------+-------+-------++-------
Melee: Dagger            |    21 |     4 |    91 |       ||   116
 Cast: Shock             |    69 |    77 |   235 |       ||   381
       Sting             |    22 |     9 |       |       ||    31
       Poisonous Vapours |       |    23 |    75 |       ||    98
       Olgreb's Toxic Ra |       |     3 |     7 |       ||    10
       Airstrike         |       |       |       |     1 ||     1
Evoke: Wand              |       |       |       |     1 ||     1
  Use: Potion            |     1 |       |     1 |       ||     2
       Scroll            |       |       |     6 |     3 ||     9
Armor: Robe              |    11 |     9 |       |       ||    20
       Leather armour    |       |     3 |    22 |       ||    25
       Ring mail         |       |       |   129 |     1 ||   130
Dodge: Dodged            |    20 |    20 |   132 |       ||   172
Block: Buckler           |       |       |    25 |       ||    25
